 Dungeon Crawl Stone Soup version 0.27-a0-1555-g0e7b3fb1d2 (webtiles) character file.

Game seed: 9367588891148192681

497170 Spaninq the Wrestler (level 23, -5/226 HPs)
             Began as a Troll Earth Elementalist on July 13, 2021.
             Was an Elder of Ashenzari.
             Splashed by an acid blob's acid (7 damage)
             ... while paralysed by a floating eye
             ... on level 4 of the Pits of Slime on July 14, 2021.
             The game lasted 05:31:28 (53871 turns).

Spaninq the Wrestler (Troll Earth Elementalist)    Turns: 53871, Time: 05:31:32

Health: -5/226     AC: 19    Str: 24    XL:     23   Next: 98%
Magic:  32/32      EV:  1    Int: 15    God:    Ashenzari [****..]
Gold:   4924       SH:  0    Dex: 14    Spells: 36/42 levels left

rFire    x . .     SeeInvis +     - Unarmed
rCold    + . .     Faith    .   K - +10 tower shield of Ignorance {rN+ Int-4, Fort, Self} (curse)
rNeg     + + +     Spirit   .   B - +4 ice dragon scales "Uwkieh" {rF- rC++ rCorr}
rPois    .         Reflect  +   l - +2 hat of the Unyielding Gaze {Melee, Elem} (curse)
rElec    .         Harm     .   D - +2 cloak "Manifest Repose" {rCorr, Self, Cun} (curse)
rCorr    +         Rampage  .   (gloves unavailable)
Will     +++..     Clarity  +   (boots unavailable)
Stlth    +.........             L - amulet of the Bound God {Reflect rF- rN+ Str+2 SH+5, Elem, Melee} (curse)
HPRegen  1.47/turn              V - ring of the All-seeing Repose {Fire Int+3 Slay+6, Melee, Fort} (curse)
MPRegen  0.23/turn              s - ring of Traps {Fly rN+ Will++ Dex+4 Stlth+}

@: paralysed, corroded, flying, studying Evocations
A: large, unfitting armour, claws 3, regeneration 1, shaggy fur 1, tough skin 1,
berserk 1, frail 1, low mp 1, weak 1
}: 2/15 runes: serpentine, barnacled
a: Renounce Religion, Curse Item, Shatter the Chains


You were on level 4 of the Pits of Slime.
You worshipped Ashenzari.
Ashenzari was greatly pleased with you.
You visited 10 branches of the dungeon, and saw 45 of its levels.
You visited the Abyss 1 time.
You visited 1 bazaar.
You also visited: Trove, Ice Cave, Volcano, Wizlab and Desolation.

You collected 8581 gold pieces.
You spent 3657 gold pieces at shops.

Inventory:

Hand Weapons
 d - a +6 scimitar of flaming
Missiles
 c - 1611 stones
Armour
 l - the cursed +2 hat of the Unyielding Gaze (worn) {Melee, Elem}
   (You found it on level 8 of the Dungeon)

   It has a curse which improves the following skills: Melee Combat: Short
   Blades, Long Blades, Axes, Maces & Flails, Polearms, Staves and Unarmed
   Combat.
   Elements:  Fire Magic, Ice Magic, Air Magic and Earth Magic.
 B - the +4 ice dragon scales "Uwkieh" (worn) {rF- rC++ rCorr}
   (You found it in an ice cave)

   rF:        It makes you vulnerable to fire.
   rC:        It greatly protects you from cold.
   rCorr:     It protects you from acid and corrosion.
 D - the cursed +2 cloak "Manifest Repose" (worn) {rCorr, Self, Cun}
   (You took it off Crazy Yiuf on level 6 of the Dungeon)

   It has a curse which improves the following skills: Introspection: Fighting
   and Spellcasting.
   Cunning:   Dodging and Stealth.
 K - the cursed +10 tower shield of Ignorance (worn) {rN+ Int-4, Fort, Self}
   (You bought it in a shop on level 2 of the Orcish Mines)

   Int:       It affects your intelligence (-4).
   rN:        It protects you from negative energy.
   It has a curse which improves the following skills: Fortitude: Armour and
   Shields.
   Introspection: Fighting and Spellcasting.
 T - a +2 hat
 X - +0 fire dragon scales
Jewellery
 o - the ring "Otep" {rElec rPois rN+}
   (You found it on level 3 of the Crypt)

   [ring of positive energy]

   rElec:     It insulates you from electricity.
   rPois:     It protects you from poison.
   rN:        It protects you from negative energy.
 s - the ring of Traps (right claw) {Fly rN+ Will++ Dex+4 Stlth+}
   (You found it on level 3 of the Crypt)

   [ring of positive energy]

   Dex:       It affects your dexterity (+4).
   rN:        It protects you from negative energy.
   Fly:       It grants you flight.
   Will:      It greatly increases your willpower.
   Stlth:     It makes you more stealthy.
 F - the ring of Wuczuj Acet {rF+ rCorr Str+4 Int+3 Dex+2}
   (You found it in the Desolation of Salt)

   [ring of resist corrosion]

   Str:       It affects your strength (+4).
   Int:       It affects your intelligence (+3).
   Dex:       It affects your dexterity (+2).
   rF:        It protects you from fire.
   rCorr:     It protects you from acid and corrosion.
 L - the cursed amulet of the Bound God (around neck) {Reflect rF- rN+ Str+2 SH+5, Elem, Melee}
   (You acquired it on level 12 of the Dungeon)

   [amulet of reflection]

   It reflects blocked missile attacks.
   Str:       It affects your strength (+2).
   rF:        It makes you vulnerable to fire.
   rN:        It protects you from negative energy.
   SH:        It affects your SH (+5).
   It has a curse which improves the following skills: Elements: Fire Magic, Ice
   Magic, Air Magic and Earth Magic.
   Melee Combat: Short Blades, Long Blades, Axes, Maces & Flails, Polearms,
   Staves and Unarmed Combat.
 M - the ring of the Hare {EV+8}
   (You found it in the Desolation of Salt)

   [ring of evasion]

   EV:        It affects your evasion (+8).
 Q - the ring "Earthly Heaven" {rF+ Str+6 SInv}
   (You took it off a deep elf sorcerer on level 3 of the Elven Halls)

   [ring of strength]

   Str:       It affects your strength (+6).
   rF:        It protects you from fire.
   SInv:      It lets you see invisible.
 S - a ring of protection from cold
 V - the cursed ring of the All-seeing Repose (left claw) {Fire Int+3 Slay+6, Melee, Fort}
   (You acquired it on level 6 of the Lair of Beasts)

   [ring of fire]

   It enhances your fire magic.
   Int:       It affects your intelligence (+3).
   Slay:      It affects your accuracy & damage with ranged weapons and melee
   (+6).
   rF:        It protects you from fire.
   rC:        It makes you vulnerable to cold.
   It has a curse which improves the following skills: Melee Combat: Short
   Blades, Long Blades, Axes, Maces & Flails, Polearms, Staves and Unarmed
   Combat.
   Fortitude: Armour and Shields.
 W - a ring of willpower
 Y - an amulet of regeneration
Wands
 r - a wand of acid (35)
 H - a wand of digging (11)
 N - a wand of paralysis (60)
 O - a wand of iceblast (22)
 Z - a wand of mindburst (71)
Scrolls
 f - 2 scrolls of blinking
 g - 9 scrolls of teleportation
 p - 5 scrolls of magic mapping
 u - 3 scrolls of silence
 w - 5 scrolls of fear
 x - 8 scrolls of fog
 y - 10 scrolls of amnesia
 I - a scroll of brand weapon
 J - a scroll of holy word
 P - 2 scrolls of summoning
 U - 11 scrolls of enchant armour
Potions
 a - 9 potions of magic
 b - 2 potions of haste
 i - 3 potions of brilliance
 j - 11 potions of might
 k - 2 potions of curing
 n - 2 potions of resistance
 q - 7 potions of cancellation
 t - 6 potions of heal wounds
 v - 5 potions of invisibility
 C - 3 potions of mutation
 R - 5 potions of ambrosia
Miscellaneous
 e - a lightning rod (4/4)
 h - a phial of floods
 m - a phantom mirror
 z - a condenser vane
 A - a box of beasts
 E - a tin of tremorstones (2/2)


   Skills:
 + Level 16.2(19.1) Fighting
 + Level 13.4(16.5) Armour
 + Level 13.2(15.1) Dodging
 - Level 1.0(2.3) Stealth
 + Level 13.4(16.4) Shields
 + Level 24.0(27) Unarmed Combat
 - Level 6.4(10.0) Spellcasting
 - Level 0.6 Transmutations
 - Level 9.5(12.8) Earth Magic
 + Level 4.6 Evocations


You had 36 spell levels left.
You knew the following spells:

 Your Spells              Type           Power      Damage    Failure   Level
a - Sandblast             Erth           92%        2d19      1%          1
b - Passwall              Tmut/Erth      22%        N/A       1%          2
c - Blink                 Tloc           N/A        N/A       30%         2
d - Apportation           Tloc           14%        N/A       21%         1

Your spell library contained the following spells:

 Spells                   Type           Power      Damage    Failure   Level
 Stone Arrow              Conj/Erth      52%        3d10      4%          3
 Petrify                  Tmut/Erth      27%        N/A       13%         4
 Leda's Liquefaction      Hex/Erth       13%        N/A       14%         4
 Beastly Appendage        Tmut           18%        N/A       16%         1
 Freeze                   Ice            36%        1d6       16%         1
 Foxfire                  Conj/Fire      48%        2x1d6     19%         1
 Sting                    Tmut/Pois      32%        1d4       19%         1
 Animate Skeleton         Necr           14%        N/A       21%         1
 Corona                   Hex            7%         N/A       21%         1
 Pain                     Necr           28%        1d5       21%         1
 Summon Small Mammal      Summ           28%        N/A       21%         1
 Wereblood                Tmut           9%         N/A       24%         2
 Ensorcelled Hibernation  Hex/Ice        16%        N/A       26%         2
 Poisonous Vapours        Pois/Air       16%        N/A       26%         2
 Static Discharge         Conj/Air       8%         N/A       26%         2
 Searing Ray              Conj           14%        3d3       30%         2
 Slow                     Hex            7%         N/A       30%         2
 Sublimation of Blood     Necr           3%         N/A       30%         2
 Borgnjor's Vile Clutch   Necr/Erth      13%        N/A       36%         5
 Frozen Ramparts          Ice            18%        1d3       43%         3
 Ozocubu's Armour         Ice            9%         N/A       43%         3
 Swiftness                Air            9%         N/A       43%         3
 Ignite Poison            Fire/Tmut/Pois 12%        N/A       45%         3
 Conjure Flame            Conj/Fire      12%        6-21      47%         3
 Inner Flame              Hex/Fire       12%        N/A       47%         3
 Spider Form              Tmut/Pois      4%         N/A       47%         3
 Mephitic Cloud           Conj/Pois/Air  8%         N/A       50%         3
 Call Canine Familiar     Summ           7%         N/A       52%         3
 Confusing Touch          Hex            7%         N/A       52%         3
 Lesser Beckoning         Tloc           3%         N/A       52%         3
 Tukima's Dance           Hex            7%         N/A       52%         3
 Vampiric Draining        Necr           3%         2d6       52%         3
 Bolt of Magma            Conj/Fire/Erth 15%        4d9       65%         5
 Airstrike                Air            4%         N/A       85%         4
 Hailstorm                Conj/Ice       8%         3d4       87%         4
 Summon Ice Beast         Ice/Summ       8%         N/A       87%         4
 Summon Lightning Spire   Summ/Air       8%         N/A       87%         4
 Fulminant Prism          Conj/Hex       3%         3d6       89%         4
 Iskenderun's Mystic Bla  Conj/Tloc      7%         2d4       89%         4
 Olgreb's Toxic Radiance  Pois           7%         N/A       89%         4
 Statue Form              Tmut/Erth      18%        N/A       89%         6
 Alistair's Intoxication  Tmut/Pois      5%         N/A       99%         5
 Fireball                 Conj/Fire      6%         3d5       99%         5
 Irradiate                Conj/Tmut      4%         3d15      99%         5
 Iskenderun's Battlesphe  Conj           7%         2d6       99%         5
 Lightning Bolt           Conj/Air       4%         1d15      99%         5
 Manifold Assault         Tloc           7%         N/A       99%         5
 Silence                  Hex/Air        4%         N/A       99%         5
 Summon Forest            Summ/Tloc      3%         N/A       99%         5
 Summon Mana Viper        Hex/Summ       7%         N/A       99%         5
 Yara's Violent Unravell  Hex/Tmut       4%         3d4       99%         5
 Conjure Ball Lightning   Conj/Air       4%         3x3d6     100%        6
 Dispersal                Tloc           3%         N/A       100%        6
 Eringya's Noxious Bog    Tmut/Pois      4%         N/A       100%        6
 Invisibility             Hex            3%         N/A       100%        6
 Shadow Creatures         Summ           N/A        N/A       100%        6
 Malign Gateway           Summ/Tloc      3%         N/A       100%        7
 Monstrous Menagerie      Summ           3%         N/A       100%        7
 Orb of Destruction       Conj           3%         9d1       100%        7
 Ozocubu's Refrigeration  Ice            4%         4d5       100%        7
 Spellforged Servitor     Conj/Summ      3%         N/A       100%        7
 Storm Form               Tmut/Air       4%         N/A       100%        7
 Summon Hydra             Summ           3%         N/A       100%        7
 Disjunction              Tloc           3%         N/A       100%        8
 Lehudib's Crystal Spear  Conj/Erth      13%        10d4      100%        8
 Maxwell's Capacitive Co  Air            4%         ∞         100%        8
 Summon Horrible Things   Summ           3%         N/A       100%        8
 Chain Lightning          Conj/Air       4%         3d5       100%        9


Dungeon Overview and Level Annotations

Branches:
Dungeon (15/15)            Temple (1/1) D:7            Lair (6/6) D:11
 Shoals (4/4) Lair:4        Snake (4/4) Lair:3        Slime (4/5) Lair:6
    Orc (2/2) D:11            Elf (3/3) Orc:2        Vaults (3/5) D:13
  Crypt (3/3) Vaults:3       Tomb (0/3) Crypt:3      Depths (0/5) D:15
  IceCv (visited)         Volcano (visited)          WizLab (visited)
Desolation (visited)

Altars:
Ashenzari
Cheibriados
Dithmenos
Elyvilon
Fedhas
Gozag
Hepliaklqana
Kikubaaqudgha
Makhleb
Nemelex Xobeh
Okawaru
Qazlal
Ru
Sif Muna
Trog
Uskayaw
Vehumet
Wu Jian
Xom
Yredelemnul
Zin
The Shining One
Jiyva

Shops:
D:5 *   D:6 *   D:8 [   D:13 =   Orc:2 ?**[([(*   Elf:2 *   Elf:3 *
Snake:1 ==*[   Snake:3 (***   Vaults:1 [

Annotations:
Slime:4 Dissolution
Crypt:1 3 runed translucent doors


Innate Abilities, Weirdness & Mutations

You are too large for most types of armour.
You have claws for hands.
Your natural rate of healing is unusually fast.
You are covered in fur. (AC +1)
You have tough skin. (AC +1)
You tend to lose your temper in combat.
You are frail. (-10% HP)
Your magical capacity is low. (-10% MP)
You are weak. (Str -2)


Message History

The slime creature hits you but does no damage.
The acid blob hits you!
You are splashed with acid.
You resist. The floating eye's view fixates on you. Dissolution hits you!!!
You are splashed with acid.
You resist.
Dissolution hits you but does no damage.
The slime creature hits you but does no damage.
The acid blob hits you but does no damage.
The very large slime creature hits you!!!
Dissolution hits you!!
You are splashed with acid.
You resist. Dissolution hits you! The acid corrodes you!
You are splashed with acid.
You resist.
* * * LOW HITPOINT WARNING * * *
The acid blob hits you.
* * * LOW HITPOINT WARNING * * *
You are splashed with acid.
You resist.
* * * LOW HITPOINT WARNING * * *
The slime creature hits you but does no damage.
A quicksilver ooze comes into view.
The very large slime creature hits you!!
* * * LOW HITPOINT WARNING * * *
The acid blob hits you!
* * * LOW HITPOINT WARNING * * *
You are splashed with acid.
You resist.
* * * LOW HITPOINT WARNING * * *
The floating eye gazes piercingly through you!
You shrug off the repeated paralysis!
The floating eye gazes piercingly through you!
You shrug off the repeated paralysis!
Dissolution hits you but does no damage.
Dissolution hits you!
* * * LOW HITPOINT WARNING * * *
You are splashed with acid.
You resist.
* * * LOW HITPOINT WARNING * * *
The slime creature hits you!
* * * LOW HITPOINT WARNING * * *
The acid blob spits acid at you. The splash of acid hits you. You resist.
* * * LOW HITPOINT WARNING * * *
You are splashed with acid!
You resist.
You die...

* ......#......
............. **
...#.........# *# *
,.............##.##
...#.............# ,
.........>.<.##, * *
,,, .......#......#.#
, ,.....JJJ.........#
* #J...GJ@..........#
* *
,,......JGG........##
,,......G...........#
,,,.....#.........#.##
* ................##
*, , ..........#.....#
* , .....>.........^.
, ,,,,..........#.....
*, * *, * *


You could see Dissolution, an acid blob, a very large slime creature, 2 slime
creatures, a shining eye (summoned), a quicksilver ooze and 3 floating eyes.

Vanquished Creatures
  Mara (Shoals:4)
  Vashnia (Snake:4)
  Nikola (Elf:3)
  A bone dragon (Crypt:3)
  The ghost of runninginthe90s the Warrior, an adept DrTm of Okawaru (Elf:2)
  An Ice Fiend (IceCv)
  A lich (Crypt:1)
  A titan (Vaults:3)
  2 acid blobs
  4 ancient champions (Crypt:3)
  A deep elf master archer (Elf:3)
  The ghost of Jimecuask the Sabretooth, an adept FeBe of Trog (Elf:2)
  A deep elf blademaster (Elf:3)
  Donald (Shoals:1)
  Kirke (D:12)
  8 rockslimes
  Roxanne (D:15)
  3 azure jellies
  5 revenants
  A fire giant (Vaults:2)
  The ghost of Feoll the Thaumaturge, a journeyman DDNe of Makhleb (Elf:2)
  The ghost of Kosooly the Thaumaturge, a journeyman DDNe of Makhleb (Elf:2)
  4 nagarajas (Snake:4)
  Aizul (Shoals:1)
  4 imperial myrmidons (Desolation)
  5 vault wardens
  A frost giant (Vaults:3)
  10 deep elf sorcerers
  2 orc warlords
  4 curse skulls
  2 angels (Elf:2)
  Louise (Snake:2)
  11 ironbound preservers
  4 deep elf elementalists (Elf:3)
  13 very ugly things
  A war gargoyle (Vaults:3)
  3 vampire knights
  3 stone giants
  3 quicksilver oozes
  9 deep elf demonologists
  5 deep elf annihilators (Elf:3)
  2 entropy weavers (Vaults:2)
  10 purple draconians (WizLab)
  4 dire elephants
  7 deep elf death magi
  9 statues (WizLab)
  An ettin (Vaults:1)
  4 merfolk impalers
  7 jiangshi
  4 deep elf high priests (Elf:3)
  Josephine (Orc:2)
  2 fire dragons
  3 crystal guardians (Desolation)
  2 merfolk javelineers (Shoals:4)
  2 eidola
  4 yaktaur captains
  A great orb of eyes (Slime:4)
  4 ragged hierophants (Desolation)
  The ghost of Rallik the Cleaver, a journeyman GrFi of Lugonu (Lair:2)
  5 ironbound thunderhulks
  19 naga warriors
  Fannar (D:11)
  A quicksilver dragon skeleton (Crypt:3)
  4 vault guards (Vaults:2)
  4 salamander tyrants
  Harold (D:6)
  A merfolk avatar (Shoals:4)
  An ice dragon (Snake:4)
  A death knight (Vaults:3)
  2 caustic shrike simulacra (IceCv)
  An ogre mage (D:13)
  14 hydras
  10 servants of whispers (Desolation)
  Erica (D:8)
  Erolcha (Orc:1)
  11 peacekeepers
  3 boulder beetles
  2 alligator snapping turtles
  13 anacondas
  6 merfolk aquamancers
  5 ironbound frosthearts
  32 centaur warriors
  6 satyrs
  11 death yaks
  5 tengu warriors
  7 vampire magi
  4 two-headed ogres
  A two-headed ogre (shapeshifter) (Vaults:2)
  24 dancing weapons
  5 orc high priests
  A titan zombie (Crypt:3)
  A thrashing horror (Abyss:3)
  5 shock serpents
  4 ironbound beastmasters
  A hell knight (Volcano)
  4 wretched stars (Abyss:3)
  21 naga sharpshooters
  Sonja (D:11)
  A large abomination (Abyss:3)
  Nergalle (D:11)
  18 deep elf knights
  A sixfirhy (Abyss:3)
  The ghost of Alvadar the Firebug, a novice DgFE (D:6)
  7 salamander mystics
  21 skeletal warriors
  3 shadow wraiths
  21 sea snakes
  A shadow dragon zombie (Crypt:2)
  2 flayed ghosts (Crypt:2)
  8 deep elf archers
  24 deep trolls
  A glowing orange brain (Vaults:2)
  A bog body (IceCv)
  22 ironbound convokers
  2 phantasmal warriors (Vaults:3)
  12 naga ritualists
  27 harpies
  3 wizards
  6 lindwurms
  An obsidian statue (IceCv)
  3 necromancers
  An anaconda skeleton (Crypt:2)
  2 oklob plants (Lair:6)
  Pikel (D:8)
  17 mana vipers
  12 orc knights
  25 deep elf zephyrmancers
  A stone giant zombie (Crypt:1)
  17 fauns
  7 shining eyes
  2 wolf spiders (Lair:6)
  35 deep elf pyromancers
  A shadow dragon skeleton (Crypt:2)
  29 salamanders
  6 ugly things
  5 cyclopes
  17 manticores
  9 orc sorcerers
  A worldbinder (Abyss:3)
  12 elephants
  An elephant (shapeshifter) (Elf:2)
  10 vault sentinels
  41 black mambas
  11 merfolk sirens
  Joseph (D:7)
  14 guardian serpents
  7 torpor snails
  An eye of devastation (shapeshifter) (Elf:3)
  A smoke demon (Abyss:3)
  17 naga magi
  9 water nymphs
  20 cane toads
  Maggie (D:6)
  2 rime drakes (Lair:3)
  2 kobold demonologists
  An emperor scorpion zombie (Crypt:1)
  An unseen horror (D:13)
  15 yaktaurs
  9 komodo dragons
  7 freezing wraiths
  15 tengu conjurers
  5 entropy weaver simulacra (IceCv)
  An ancient zyme (Abyss:3)
  An ice devil (IceCv)
  28 merfolk
  4 red devils (D:14)
  A catoblepas skeleton (Crypt:1)
  A hellwing (Abyss:3)
  A jumping spider (Vaults:2)
  5 wind drakes
  6 meliai
  3 trolls
  4 tyrant leeches (Lair:6)
  A guardian serpent zombie (Crypt:1)
  11 hornets
  A shadow dragon simulacrum (Crypt:3)
  66 saltlings (Desolation)
  A jumping spider zombie (Crypt:2)
  A raiju (Abyss:3)
  Prince Ribbit (D:8)
  31 blink frogs
  2 raiju (shapeshifter)
  8 snapping turtles
  97 slime creatures
  2 boulder beetle zombies
  A stone giant simulacrum (Crypt:2)
  9 dream sheep
  A flying skull (Crypt:3)
  2 air elementals
  3 redbacks
  7 spriggan simulacra (IceCv)
  A spriggan (D:8)
  34 yaks
  2 ynoxinuls (Abyss:3)
  20 water elementals
  16 wyverns
  14 wraiths
  A shadow (D:10)
  4 dire elephant simulacra (IceCv)
  2 vampires
  3 hogs (D:12)
  4 basilisks
  A chaos spawn (Abyss:3)
  2 black mamba skeletons
  10 golden eyes
  4 fire elementals
  5 minotaur simulacra (IceCv)
  4 wargs
  Menkaure (D:7)
  Edmund (D:6)
  2 acid dragons
  3 harpy simulacra (IceCv)
  68 nagas
  28 water moccasins
  A merfolk zombie (Crypt:2)
  3 hell hounds
  Duvessa (D:5)
  A merfolk skeleton (Crypt:2)
  A hydra simulacrum (IceCv)
  An ettin simulacrum (IceCv)
  A hornet zombie (D:5)
  2 alligator simulacra (IceCv)
  4 ice beasts
  29 orc warriors
  3 black bears
  8 ogres
  A sky beast (D:6)
  A wolf (shapeshifter) (D:13)
  2 necrophages
  A manticore skeleton (Crypt:1)
  4 boggarts
  13 wolves
  6 centaurs
  An elf zombie (Crypt:1)
  2 palentonga zombies (Crypt:3)
  13 kobold brigands
  8 bullfrogs
  3 small abominations (Abyss:3)
  A komodo dragon skeleton (Crypt:2)
  2 gnoll sergeants
  8 deep troll simulacra (IceCv)
  3 earth elementals
  Dowan (D:5)
  A wyvern skeleton (D:7)
  9 killer bees
  A water moccasin skeleton (D:5)
  2 lindwurm simulacra (IceCv)
  5 wights (D:7)
  10 electric eels
  7 howler monkeys
  4 bullfrog zombies
  4 centaur zombies
  2 gnoll shamans (D:8)
  A human zombie (Crypt:2)
  A jelly (D:6)
  19 orc priests
  A bullfrog skeleton (D:6)
  A hound (D:5)
  Crazy Yiuf (D:6)
  A centaur skeleton (D:6)
  3 iguanas
  23 orc wizards
  2 scorpion zombies
  8 hell rats
  A killer bee zombie (D:9)
  A tengu skeleton (Crypt:2)
  A demigod skeleton (Crypt:2)
  2 human simulacra (D:9)
  A hound zombie (D:5)
  A hound skeleton (D:5)
  A howler monkey zombie (D:8)
  Robin (D:2)
  10 adders
  21 gnolls
  4 river rats (Lair:2)
  A shadow imp (D:7)
  A halfling zombie (Crypt:2)
  A halfling skeleton (Crypt:3)
  An iguana skeleton (Crypt:2)
  A lava snake skeleton (Crypt:2)
  2 worms (D:3)
  3 dart slugs
  63 orcs
  10 ball pythons
  6 bats
  6 endoplasms
  3 giant cockroaches
  13 goblins
  13 hobgoblins
  5 quokkas
  A ball python zombie (Crypt:3)
  5 frilled lizards
  A giant cockroach zombie (Crypt:3)
  A hobgoblin zombie (Crypt:1)
  16 kobolds
  A kobold skeleton (Crypt:2)
  A kobold zombie (Crypt:2)
  An orc skeleton (Crypt:2)
  16 rats
  A lurking horror (Abyss:3)
1989 creatures vanquished.

Vanquished Creatures (others)
  2 deep elf sorcerers (Elf:3)
  A deep elf elementalist (Elf:3)
  A deep elf demonologist (Elf:3)
  3 deep elf knights
  A deep elf archer (Elf:2)
  A manticore (Shoals:4)
  A tengu conjurer (WizLab)
  A water elemental (Shoals:4)
  2 orcs (D:11)
  41 fungi
  349 plants
403 creatures vanquished.

Grand Total: 2392 creatures vanquished

Notes
Turn   | Place    | Note
-------+----------+-------------------------------------------
     0 | D:1      | Spaninq the Troll Earth Elementalist began the quest for
                  | the Orb.
     0 | D:1      | Reached XP level 1. HP: 16/16 MP: 1/1
    60 | D:1      | Reached skill level 1 in Unarmed Combat
    71 | D:1      | Reached XP level 2. HP: 26/26 MP: 2/2
   356 | D:1      | Reached skill level 1 in Fighting
   358 | D:1      | Reached skill level 2 in Unarmed Combat
   626 | D:1      | Reached XP level 3. HP: 33/33 MP: 3/3
   889 | D:2      | Noticed Robin
   963 | D:2      | Killed Robin
  1099 | D:2      | Reached skill level 3 in Unarmed Combat
  1099 | D:2      | Reached XP level 4. HP: 36/41 MP: 4/4
  1770 | D:2      | Found a faded altar of an unknown god.
  2054 | D:3      | Reached XP level 5. HP: 49/49 MP: 5/5
  2154 | D:3      | Found a snail-covered altar of Cheibriados.
  2311 | D:3      | Noticed a black bear
  2319 | D:3      | Killed a black bear
  2320 | D:3      | Reached skill level 4 in Unarmed Combat
  2537 | D:4      | Found a burning altar of Makhleb.
  2555 | D:4      | Found a bloodstained altar of Trog.
  2695 | D:4      | Found a stormy altar of Qazlal.
  2862 | D:4      | Reached XP level 6. HP: 29/59 MP: 6/6
  3319 | D:5      | Entered Level 5 of the Dungeon
  3319 | D:5      | Noticed an ice beast
  3320 | D:5      | Noticed Duvessa
  3332 | D:4      | Killed an ice beast
  3333 | D:4      | Reached skill level 5 in Unarmed Combat
  3371 | D:5      | Found Coschuom's General Store.
  3384 | D:5      | Noticed Dowan
  3393 | D:5      | Killed Duvessa
  3399 | D:5      | Killed Dowan
  3400 | D:5      | Reached skill level 6 in Unarmed Combat
  3400 | D:5      | Reached XP level 7. HP: 57/67 MP: 7/7
  3452 | D:5      | Found a basalt altar of Yredelemnul.
  3517 | D:5      | Reached skill level 7 in Unarmed Combat
  3634 | D:5      | Reached XP level 8. HP: 78/78 MP: 8/8
  3742 | D:5      | Found a glowing golden altar of the Shining One.
  3965 | D:5      | Reached skill level 8 in Unarmed Combat
  4150 | D:5      | Found a hide-covered altar of Uskayaw.
  4478 | D:6      | Reached skill level 5 in Fighting
  4519 | D:6      | Reached skill level 9 in Unarmed Combat
  4523 | D:6      | Found a runed translucent gate.
  4523 | D:6      | Found a runed translucent gate.
  4523 | D:6      | Found a runed translucent gate.
  4524 | D:6      | Noticed Alvadar's ghost (novice DgFE)
  4527 | D:6      | Noticed a kobold demonologist
  4590 | D:6      | Noticed Edmund
  4612 | D:6      | Reached XP level 9. HP: 65/88 MP: 9/9
  4632 | D:6      | Killed Edmund
  4702 | D:6      | Found a radiant altar of Vehumet.
  4961 | D:6      | Found Kowasuful's Assorted Antiques.
  4970 | D:6      | Bought a steaming robe for 153 gold pieces
  4970 | D:6      | Identified the +0 robe of a Hundred Demons {+Blink} (You
                  | bought it in a shop on level 6 of the Dungeon)
  5012 | D:6      | Noticed Maggie
  5021 | D:6      | Killed Maggie
  5022 | D:6      | Reached skill level 10 in Unarmed Combat
  5036 | D:6      | Found a runed translucent door.
  5037 | D:6      | Noticed Crazy Yiuf
  5070 | D:6      | Killed Crazy Yiuf
  5748 | D:7      | Noticed Harold
  5774 | D:6      | Killed Harold
  5775 | D:6      | Reached skill level 11 in Unarmed Combat
  6030 | D:7      | Reached XP level 10. HP: 90/94 MP: 10/10
  6053 | D:7      | Found a glowing silver altar of Zin.
  6068 | D:7      | Learned a level 2 spell: Passwall
  6099 | D:7      | Found a staircase to the Ecumenical Temple.
  6112 | Temple   | Entered the Ecumenical Temple
  6414 | Temple   | Became a worshipper of Ashenzari the Shackled
  6453 | D:7      | Noticed Joseph
  6464 | D:7      | Killed Joseph
  6625 | D:7      | Noticed Menkaure
  6645 | D:7      | HP: 4/102 [wyvern skeleton (13)]
  6745 | D:7      | Killed Menkaure
  6887 | D:7      | Found a white marble altar of Elyvilon.
  6977 | D:7      | Identified the +5 quarterstaff of Hacking and Slashing
                  | {protect, Fragile rPois Int+4 Dex+3}
  6977 | D:7      | Identified the +0 leather armour "Pifytet" {rN+}
  7123 | D:8      | Noticed an orc sorcerer
  7149 | D:8      | Killed an orc sorcerer
  7150 | D:8      | Reached skill level 12 in Unarmed Combat
  7181 | D:8      | Noticed Prince Ribbit
  7192 | D:8      | Killed Prince Ribbit
  7374 | D:8      | Found Luages's Antique Armour Shoppe.
  7477 | D:8      | Noticed Pikel
  7487 | D:8      | Killed Pikel
  7513 | D:8      | Noticed Erica
  7537 | D:8      | Killed Erica
  7652 | D:8      | Paralysed by a hornet for 2 turns
  7657 | D:8      | Reached skill level 13 in Unarmed Combat
  8069 | D:8      | Found a shimmering altar of Xom.
  8367 | D:9      | Reached * piety under Ashenzari
  8992 | D:9      | Found a shadowy altar of Dithmenos.
  9078 | D:10     | Entered Level 10 of the Dungeon
  9112 | D:10     | Noticed a fire dragon
  9116 | D:10     | Reached ** piety under Ashenzari
  9142 | D:9      | Reached XP level 11. HP: 98/117 MP: 13/13
  9204 | D:10     | Killed a fire dragon
  9755 | D:10     | Found a sacrificial altar of Ru.
  9887 | D:10     | Reached *** piety under Ashenzari
 10094 | D:11     | Noticed a brown ugly thing
 10095 | D:11     | Found a staircase to the Orcish Mines.
 10096 | D:11     | Noticed a skeletal warrior
 10096 | D:11     | Noticed a skeletal warrior
 10110 | D:10     | Killed a brown ugly thing
 10193 | D:11     | Noticed a skeletal warrior
 10199 | D:11     | Noticed a skeletal warrior
 10202 | D:11     | Noticed a skeletal warrior
 10242 | D:10     | Killed a skeletal warrior
 10357 | D:11     | Killed a skeletal warrior
 10358 | D:11     | Reached skill level 14 in Unarmed Combat
 10445 | D:11     | Killed a skeletal warrior
 10576 | D:11     | Killed a skeletal warrior
 10595 | D:11     | Found a staircase to the Lair.
 10703 | D:11     | Reached **** piety under Ashenzari
 10711 | D:11     | Noticed a boulder beetle
 10742 | D:11     | Killed a skeletal warrior
 10755 | D:11     | Killed a boulder beetle
 10756 | D:11     | Reached skill level 5 in Earth Magic
 10756 | D:11     | Reached XP level 12. HP: 72/130 MP: 18/18
 10960 | D:12     | Identified the +6 quarterstaff of Duty {pain, *Slow rC+
                  | rN+++ Str+3}
 11014 | D:12     | Noticed a six-headed hydra
 11025 | D:12     | Killed a ten-headed hydra
 11154 | D:12     | Noticed a two-headed ogre
 11160 | D:12     | Killed a two-headed ogre
 11197 | D:12     | Noticed Kirke
 11225 | D:12     | Killed Kirke
 11346 | D:12     | Reached ***** piety under Ashenzari
 11428 | D:12     | Noticed a five-headed hydra
 11444 | D:12     | Killed a nine-headed hydra
 11445 | D:12     | Reached skill level 15 in Unarmed Combat
 11509 | D:12     | Reached skill level 1 in Shields
 11590 | D:12     | Paralysed by an orc sorcerer for 7 turns
 11740 | D:12     | Identified a scroll of acquirement
 11748 | D:12     | Acquired the amulet "Othoaph" {Reflect rF- rN+ Str+2 SH+5}
 12055 | Lair:1   | Entered Level 1 of the Lair of Beasts
 12527 | Lair:1   | Identified the +0 cloak of the Original Sin {rC+ Str-4
                  | Int+6}
 12791 | Lair:2   | Noticed a five-headed hydra
 12816 | Lair:1   | Killed a 12-headed hydra
 12858 | Lair:2   | Noticed a death yak
 12873 | Lair:2   | Killed a death yak
 12874 | Lair:2   | Reached XP level 13. HP: 140/140 MP: 22/22
 13279 | Lair:2   | Found a runed translucent door.
 13282 | Lair:2   | Noticed Rallik's ghost (journeyman GrFi)
 13624 | D:6      | Identified the +0 leather armour "Pifytet" {rN+}
 13879 | D:6      | Killed Alvadar's ghost
 14172 | Lair:3   | Reached skill level 10 in Fighting
 14205 | Lair:3   | HP: 6/141 [13-headed hydra (2)]
 15012 | Lair:3   | Found a staircase to the Snake Pit.
 15019 | Lair:3   | Reached skill level 16 in Unarmed Combat
 15627 | Lair:4   | Found a dark tunnel.
 15704 | Lair:4   | Reached skill level 1 in Armour
 15704 | Lair:4   | Reached skill level 5 in Spellcasting
 15803 | Volcano  | Entered a volcano
 15838 | Volcano  | Found a radiant altar of Vehumet.
 15925 | Volcano  | Reached XP level 14. HP: 146/150 MP: 24/24
 16780 | Lair:4   | Found a staircase to the Shoals.
 17714 | Lair:5   | Reached skill level 5 in Shields
 18223 | Orc:1    | Entered Level 1 of the Orcish Mines
 18226 | Orc:1    | Noticed Sonja
 18226 | Orc:1    | Noticed Nergalle
 18334 | D:11     | Killed Nergalle
 18464 | Orc:1    | Noticed Fannar
 18498 | D:11     | Killed Sonja
 18583 | D:11     | Killed Fannar
 18824 | Orc:1    | Reached skill level 17 in Unarmed Combat
 18838 | Orc:1    | Noticed Erolcha
 18848 | Orc:1    | Killed Erolcha
 18945 | Orc:2    | Entered Level 2 of the Orcish Mines
 19085 | Orc:2    | Found a flickering gateway to a bazaar.
 19190 | Bazaar   | Entered a bazaar
 19190 | Bazaar   | Found Lyocs's Antique Weapon Shoppe.
 19194 | Bazaar   | Found Femyintu's Antique Weapon Shop.
 19199 | Bazaar   | Found Roitan's Antique Armour Emporium.
 19213 | Bazaar   | Found Bita's Antique Armour Boutique.
 19219 | Bazaar   | Found Orgheoj's Assorted Antiques.
 19227 | Bazaar   | Bought a potion of haste for 240 gold pieces
 19227 | Bazaar   | Bought a potion of curing for 72 gold pieces
 19489 | Orc:2    | Found Opsujof's Assorted Antiques.
 19489 | Orc:2    | Found Muemm's Weapon Shop.
 19491 | Orc:2    | Found Vushirut's Assorted Antiques.
 19491 | Orc:2    | Found Hepaahur's Armour Shop.
 19644 | Orc:2    | Found Wokoor Meazo's Antique Weapon Boutique.
 19656 | Orc:2    | Found Viafedoahe's Assorted Antiques.
 19682 | Orc:2    | Found Zalics's Antique Armour Emporium.
 19857 | Orc:2    | Found Xixt's Magic Scroll Emporium.
 19858 | Orc:2    | Found a staircase to the Elven Halls.
 19869 | Orc:2    | Bought a scroll of enchant armour for 120 gold pieces
 19869 | Orc:2    | Bought a scroll of enchant armour for 120 gold pieces
 19869 | Orc:2    | Bought a scroll of acquirement for 832 gold pieces
 19869 | Orc:2    | Acquired 928 gold pieces
 19881 | Orc:2    | Noticed Josephine
 19898 | Orc:2    | Killed Josephine
 19910 | Orc:2    | Reached XP level 15. HP: 154/155 MP: 26/26
 20079 | Lair:6   | Entered Level 6 of the Lair of Beasts
 20234 | Lair:6   | Found a runed translucent door.
 20735 | Lair:6   | Acquired the ring "Liul" {Fire Int+3 Slay+6}
 20825 | Lair:6   | Found a staircase to the Slime Pits.
 20904 | Lair:6   | Found a viscous altar of Jiyva.
 20954 | Lair:6   | Identified the +0 chain mail "Olarph" {Int+4}
 21433 | Lair:6   | Reached skill level 5 in Armour
 22127 | D:13     | Found a gate to the Vaults.
 22132 | D:13     | Found Ogachib's Jewellery Shop.
 22408 | D:13     | Reached skill level 18 in Unarmed Combat
 22710 | D:13     | Reached XP level 16. HP: 160/176 MP: 29/29
 23100 | D:14     | Reached skill level 5 in Dodging
 23295 | D:14     | Found a white marble altar of Elyvilon.
 23536 | D:15     | Entered Level 15 of the Dungeon
 23996 | D:15     | Identified Roxanne's Compendium of Transmigration
 23996 | D:15     | Noticed Roxanne
 24006 | D:15     | Killed Roxanne
 24126 | D:15     | Found a staircase to the Depths.
 24488 | Shoals:1 | Entered Level 1 of the Shoals
 24488 | Shoals:1 | Identified the +0 pair of boots "Liodadaisi" {rN+ Int+3
                  | Dex+2}
 24778 | Shoals:1 | Noticed Donald
 24791 | Shoals:1 | Killed Donald
 25243 | Shoals:1 | Noticed Aizul
 25277 | Shoals:1 | Killed Aizul
 26090 | Shoals:2 | Reached skill level 19 in Unarmed Combat
 26232 | Shoals:2 | Reached XP level 17. HP: 157/185 MP: 30/30
 27222 | Shoals:4 | Entered Level 4 of the Shoals
 28125 | Shoals:4 | Noticed Mara
 28368 | Shoals:4 | Killed Mara
 28661 | Shoals:4 | Got a barnacled rune of Zot
 28681 | Shoals:4 | Identified the +2 pair of gloves of the Mackerel {Harm
                  | rPois Slay+3 SInv}
 29114 | Vaults:1 | Entered Level 1 of the Vaults
 29664 | Vaults:1 | Identified the -5 pair of gloves of Beogh's Outrage {Str+7}
 29974 | Vaults:1 | Reached XP level 18. HP: 165/197 MP: 31/31
 30330 | Vaults:1 | Reached skill level 20 in Unarmed Combat
 30345 | Vaults:1 | Found Goq Fabe's Armour Shoppe.
 32772 | Vaults:2 | Reached XP level 19. HP: 206/206 MP: 32/32
 32944 | Vaults:2 | Identified the +5 great sword "Oklituf" {drain, rC+ rN+}
 33937 | Vaults:3 | Found a staircase to the Crypt.
 34075 | Vaults:3 | Reached skill level 21 in Unarmed Combat
 34394 | Vaults:3 | Gained mutation: You are dopey. (Int -2) [a cacodemon]
 34404 | Vaults:3 | Gained mutation: Your magical capacity is low. (-10% MP) [a
                  | cacodemon]
 34423 | Vaults:3 | Cast into level 3 of the Abyss (a deep elf demonologist)
 34423 | Abyss:3  | Found a corrupted altar of Lugonu.
 34933 | Vaults:3 | Escaped the Abyss
 35791 | Orc:2    | Bought the +10 tower shield of Ignorance {rN+ Int-4} for
                  | 2120 gold pieces
 35791 | Orc:2    | Found the +10 tower shield of Ignorance {rN+ Int-4}
 35992 | Crypt:1  | Entered Level 1 of the Crypt
 36007 | Vaults:3 | Reached skill level 10 in Armour
 36280 | Vaults:3 | Reached skill level 10 in Shields
 36535 | Crypt:1  | Reached XP level 20. HP: 218/218 MP: 30/30
 36753 | Crypt:1  | Found a runed translucent gate.
 36754 | Crypt:1  | Found a runed translucent gate.
 36755 | Crypt:1  | Found a runed translucent gate.
 37164 | Lair:2   | Killed Rallik's ghost
 37273 | Snake:1  | Entered Level 1 of the Snake Pit
 37393 | Snake:1  | Identified Duh Kabe's Tome of Companions
 37428 | Snake:1  | Found Mifich's Assorted Antiques.
 37429 | Snake:1  | Found Amnaj's Antique Armour Shoppe.
 37429 | Snake:1  | Found Rativ's Jewellery Emporium.
 37432 | Snake:1  | Found Eteda's Jewellery Emporium.
 37722 | Snake:1  | Reached skill level 10 in Dodging
 38558 | Snake:2  | Noticed Louise
 38589 | Snake:2  | Killed Louise
 38742 | Snake:2  | Learned a level 2 spell: Blink
 39130 | Snake:3  | Found Xiceah's General Store.
 39203 | Snake:3  | Reached skill level 22 in Unarmed Combat
 39342 | Snake:3  | Found Gaunuteu's Specific Store.
 39348 | Snake:3  | Found Syofysia's General Store.
 39565 | Snake:3  | Found Ycyluoci's Antique Weapon Shoppe.
 39924 | Snake:3  | Upgraded the game from 0.27-a0-1548-gf8a67e7463 to
                  | 0.27-a0-1555-g0e7b3fb1d2
 39925 | Snake:4  | Entered Level 4 of the Snake Pit
 39929 | Snake:4  | Found a frozen archway.
 39963 | IceCv    | Entered an ice cave
 40059 | IceCv    | Identified the +4 ice dragon scales "Uwkieh" {rF- rC++
                  | rCorr}
 40691 | Snake:4  | Reached XP level 21. HP: 207/222 MP: 29/29
 42092 | Snake:4  | Noticed Vashnia
 42146 | Snake:4  | Killed Vashnia
 42259 | Snake:4  | Got a serpentine rune of Zot
 42991 | Crypt:2  | Found a magical portal.
 43002 | WizLab   | Entered Iskenderun's Mystic Tower
 43996 | WizLab   | Identified Uciw's Volume of Noxious Ice
 43996 | WizLab   | Identified the Incunabulum of Arcane Weapons
 44005 | WizLab   | Identified Iskenderun's Reference Book on Confrontation
 44005 | WizLab   | Identified Iskenderun's Volume of Conjuration
 44159 | WizLab   | Reached skill level 23 in Unarmed Combat
 44870 | Crypt:3  | Entered Level 3 of the Crypt
 44874 | Crypt:3  | Found a staircase to the Tomb.
 44909 | Crypt:3  | Acquired 1324 gold pieces
 45213 | Crypt:3  | Reached XP level 22. HP: 234/234 MP: 30/30
 45284 | Crypt:3  | Reached skill level 15 in Fighting
 45338 | Crypt:3  | Noticed an ancient lich
 45338 | Crypt:3  | Noticed a dread lich
 45439 | Crypt:3  | Identified the ring of Traps {Fly rN+ Will++ Dex+4 Stlth+}
 45439 | Crypt:3  | Identified the ring "Otep" {rElec rPois rN+}
 45439 | Crypt:3  | Identified the ring "Xof Azix" {rN+ Int+2}
 45439 | Crypt:3  | Identified the ring "Laem" {rElec rPois}
 45460 | Crypt:3  | Noticed a dread lich
 45875 | Crypt:3  | Paralysed by a dread lich for 6 turns
 46183 | Elf:1    | Entered Level 1 of the Elven Halls
 47052 | Elf:2    | Found a portal to a secret trove of treasure.
 47141 | Elf:2    | Found a glowing silver altar of Zin.
 47143 | Elf:2    | Found a glowing golden altar of the Shining One.
 47145 | Elf:2    | Found a ruined gateway.
 47192 | Elf:2    | Found a white marble altar of Elyvilon.
 47218 | Desolati | Entered the Desolation of Salt
 47308 | Desolati | Identified the Disquisition on the Dusty Glacier
 47391 | Desolati | Identified the Disquisition on Flight
 47403 | Desolati | Identified the ring of Wuczuj Acet {rF+ rCorr Str+4 Int+3
                  | Dex+2}
 47546 | Desolati | Identified the Collected Works on Combat Magic and the
                  | Compass
 47549 | Desolati | Identified the +2 quarterstaff "Kiga" {vorpal, rF+ Int+2}
 48149 | Desolati | Found the ring of the Hare {EV+8}
 48920 | Elf:2    | Found a runed translucent gate.
 48920 | Elf:2    | Found a runed translucent gate.
 48920 | Elf:2    | Found a runed translucent gate.
 48922 | Elf:2    | Noticed runninginthe90s's ghost (adept DrTm)
 48922 | Elf:2    | Noticed Jimecuask's ghost (adept FeBe)
 48923 | Elf:2    | Noticed Kosooly's ghost (journeyman DDNe)
 48924 | Elf:2    | Noticed Feoll's ghost (journeyman DDNe)
 48981 | Elf:2    | You paid a toll of 15 potions of curing to enter a treasure
                  | trove
 48982 | Trove    | Entered a treasure trove
 49082 | Elf:2    | Found Girch's General Store.
 49286 | Elf:2    | Found a runed translucent gate.
 49286 | Elf:2    | Found a runed translucent gate.
 49288 | Elf:2    | Found a runed translucent gate.
 49338 | Elf:2    | Killed runninginthe90s's ghost
 49339 | Elf:2    | Reached XP level 23. HP: 196/249 MP: 32/32
 49431 | Elf:2    | Killed Jimecuask's ghost
 49436 | Elf:2    | Killed Kosooly's ghost
 49441 | Elf:2    | Killed Feoll's ghost
 50126 | Elf:3    | Entered Level 3 of the Elven Halls
 50205 | Elf:3    | Paralysed by an air elemental for 1 turns
 50459 | Elf:3    | Found Cinkinist's Gadget Gallery.
 50535 | Elf:3    | Noticed Nikola
 50681 | Elf:3    | Killed Nikola
 50988 | Elf:3    | Reached skill level 1 in Evocations
 51196 | Elf:3    | Found the +10 Black Knight's barding {ponderous, rPois rN+}
 51290 | Elf:3    | Identified the ring "Earthly Heaven" {rF+ Str+6 SInv}
 51383 | Elf:3    | Identified the ring "Uhobun" {Int+6 Dex+2}
 51451 | Elf:3    | Identified the +3 giant club of the Sage {speed, Dex+6
                  | Stlth+}
 51457 | Elf:3    | Identified the +9 short sword of the Five Demons {pain,
                  | *Slow +Rage Fly rN+++}
 51466 | Elf:3    | Learned a level 1 spell: Apportation
 51496 | Elf:3    | Identified the +9 hand axe of Laceration {venom, Contam Fly
                  | rN+ Dex+2}
 51926 | Slime:1  | Entered Level 1 of the Pits of Slime
 51935 | Slime:1  | Lost mutation: You are dopey. (Int -2) [a shining eye]
 53103 | Slime:2  | Gained mutation: You are weak. (Str -2) [a shining eye]
 53105 | Slime:2  | Gained mutation: You tend to lose your temper in combat. [a
                  | shining eye]
 53646 | Slime:4  | Reached skill level 24 in Unarmed Combat
 53858 | Slime:4  | Noticed Dissolution
 53860 | Slime:4  | Gained mutation: You are frail. (-10% HP) [a shining eye]
 53867 | Slime:4  | Paralysed by a floating eye for 4 turns
 53870 | Slime:4  | HP: 8/226 [acid (4)]
 53871 | Slime:4  | HP: 3/226 [slime creature (7)]
 53871 | Slime:4  | Splashed by an acid blob's acid

Illustrated notes

Levels and vault maps discovered:
D:1:      lightli_molten_gateway, layout_basic, minivault_14
D:2:      layout_basic, dilly_ecumenical_altar_fadedgnrine, minmay_misc_feat_x,
          uniq_robin
D:3:      layout_loops_ring, mainiacjoe_overflow_small_starburst, st_stairs_3
D:4:      layout_loops_ring, nicolae_qazlal_general_emergency,
          trog_butcher_becter, mainiacjoe_overflow_tiny_flanked,
          nicolae_zen_rock_garden
D:5:      layout_gridville, nicolae_tso_carved_into_rock,
          nicolae_yredelemnul_corpse_copse, lemuel_tele_altar,
          kennysheep_cluttered_room, nicolae_stop_n_shop_2, nrook_pool_corridor,
          uniq_duvessa
D:6:      cheibrodos_two_vegetables, layout_layer_cave,
          mainiacjoe_overflow_paths, serial_shops, shop_statue,
          gammafunk_ghost_nasty_kobolds, uniq_edmund, uniq_crazy_yiuf_cottage,
          uniq_maggie
D:7:      layout_loops_ring, marbit_many_paths, zin_scriptorium,
          minmay_temple_entry_glass, uniq_menkaure, uniq_harold, uniq_joseph
D:8:      cheibrodos_wizards_tower, layout_loops_ring,
          nicolae_overflow_hidden_temple, serial_shops, nicolae_square_shop,
          the_hattery, uniq_erica, uniq_pikel, uniq_prince_ribbit1
D:9:      layout_cave_pods, grunt_dithmenos_smoke_and_mirrors, bh_circular_ruins
D:10:     layout_basic, mainiacjoe_overflow_brackets
D:11:     layout_roguey, lair_entry_dummy, orc_0_dummy
D:12:     layout_long_grid, uniq_kirke
D:13:     layout_loops_cross, hangedman_vaults_entry_quadrant_bands,
          serial_shops, shop, serial_glass, glass_columns_c, glass_columns_b,
          hangedman_aviary
D:14:     layout_rooms, elyvilon_altar_5, serial_park_tiny_2,
          minmay_misc_feat_doors, einodemon_armed_red_devil_minivault
D:15:     hangedman_depths_entry_try_elsewhere_first, layout_loops_cross,
          serial_park_avenue1, uniq_roxanne
Temple:   compressed_dpeg_triangle_lava_temple
Lair:1:   layout_long_grid
Lair:2:   layout_misc_corridors, ebering_ghost_reflecting_pool,
          kennysheep_abandoned_house
Lair:3:   layout_big_grid, guppyfry_snake_entry_garden
Lair:4:   layout_roguey, elwin_shoals_entry_stream, enter_volcano_3
Lair:5:   layout_cave_pods, grunt_megastairs_4, lemuel_fruit_fields
Lair:6:   wormcave, layout_layer_cave, hangedman_lair_tendril_chambers,
          slime_altar_1, minmay_lair_oklob_chamber
Shoals:1: layout_shoals, uniq_donald, uniq_aizul
Shoals:2: layout_shoals
Shoals:3: layout_shoals
Shoals:4: shoals_end_grunt_garden, layout_shoals, uniq_mara
Snake:1:  layout_cave_shapes, grunt_megastairs_3, minmay_shoptagon
Snake:2:  layout_grid_maze, serial_bayou_shore_a, uniq_louise
Snake:3:  layout_rooms, serial_shops, shop, nicolae_stop_n_shop_2,
          nicolae_specific_store
Snake:4:  johnstein_snake_rune_scales, layout_grid_shapes, serial_bayou,
          serial_bayou_lagoon_b, serial_bayou_lake_a, serial_bayou_shore_b,
          serial_bayou_lagoon_a, serial_bayou_crossing, serial_bayou_shore_b,
          portal_ice_cave_entry_dragon
Slime:1:  layout_caves
Slime:2:  layout_caves
Slime:3:  cheibrodos_slime_lost_civilization_9, layout_caves
Slime:4:  layout_caves, uniq_dissolution
Orc:1:    layout_diamond_mine, uniq_fannar, uniq_sonja, uniq_nergalle,
          uniq_erolcha
Orc:2:    grunt_orc_tribal_feast, layout_caves, serial_shops, bzr_entry_dummy,
          nicolae_shop_statue_plus, nicolae_shop_stone, shop, shop_fountains,
          uniq_josephine
Elf:1:    layout_gridlike, hangedman_elf_disciples
Elf:2:    layout_onion_city, serial_shops, shop_fountains,
          portal_desolation_entry_holy_temple, enter_trove_1,
          gammafunk_ghost_cemetery
Elf:3:    minmay_elf_hall_hex, layout_geoelf_diagonals, nicolae_shop_gadgets,
          uniq_nikola
Vaults:1: v_alt_pattern_3, v_pattern_1, nicolae_vaults_windows_and_doors_thing,
          nicolae_vaults_inception_network, nicolae_vaults_ring_of_whatevers,
          nicolae_vaults_disjoint_gnomons, nicolae_vaults_little_squares_1,
          vaults_mumra_hexcomb, nicolae_vaults_little_squares_3,
          hangedman_vaults_nodes, hangedman_vaults_nails, layout_vaults_omnibox,
          serial_shops, nicolae_shop_waterfront
Vaults:2: grunt_vaults_focal, nicolae_vaults_what_the_h,
          nicolae_vaults_fighting_squares, v_misc_24, ontoclasm_vaults_pinch,
          vaults_room_grunt_arrival_checkpoint, nicolae_vaults_big_angled_halls,
          v_misc_26, nicolae_vaults_back_hallway, ontoclasm_vaults_idyll,
          hangedman_vaults_locks, dpeg_vaults_monster_box, vaults_dpeg_hooks,
          layout_vaults_maze
Vaults:3: ontoclasm_vaults_decontamination, st_diamondy, vaults_room_hallway,
          minmay_crypt_entry_simple_statues, hangedman_vaults_pinch, v_misc_30,
          vaults_room_semicircle, nicolae_vaults_network_quinsquares
          [nicolae_vaults_network_quincunx_subvault,
          nicolae_vaults_network_quincunx_subvault,
          nicolae_vaults_network_quincunx_subvault,
          nicolae_vaults_network_quincunx_subvault], layout_vaults_big_room
Crypt:1:  layout_rooms, pandoras_box_mu
Crypt:2:  layout_chaotic_city, mu_enter_wizlab_1, roderic_lattice_octagonal_star
Crypt:3:  david_glass_crypt, layout_chaotic_city, tomb_entry_forgotten_bobbens

Skill      XL: |  1  2  3  4  5  6  7  8  9 10 11 12 13 14 15 16 17 18 19 20 21 22 23 |
---------------+----------------------------------------------------------------------+-----
Unarmed Combat | 1 2 3 4 6 7 9 11 13 14 15 16 17 18 19 20 21 22 23 24 | 24.0
Fighting       | 1 2 3 4 5 6 8 9 10 11 12 13 14 15 16 | 16.2
Earth Magic    | 3 5 6 7 8 9 |  9.5
Spellcasting   | 3 4 5 6 |  6.4
Shields        | 2 4 5 6 8 9 10 11 12 13 | 13.4
Armour         | 1 3 5 6 8 9 10 11 12 13 | 13.4
Dodging        | 3 4 6 7 8 9 10 11 12 13 | 13.2
Evocations     | 4 |  4.6
Stealth        | |  1.0
Transmutations | |  0.6

Action                   |  1- 3 |  4- 6 |  7- 9 | 10-12 | 13-15 | 16-18 | 19-21 | 22-24 || total
-------------------------+-------+-------+-------+-------+-------+-------+-------+-------++-------
Melee: Unarmed           |   118 |   139 |   249 |   613 |  1451 |  1300 |  1921 |  1227 ||  7018
       Punch             |       |     3 |     5 |    37 |       |       |       |       ||    45
       Scimitar          |       |       |       |       |    97 |    12 |       |       ||   109
 Cast: Sandblast         |       |       |     1 |     5 |       |       |       |       ||     6
Invok: Curse Item        |       |       |       |     8 |     3 |     1 |       |     2 ||    14
       Shatter the Chain |       |       |       |     2 |     3 |       |     2 |     2 ||     9
Evoke: Wand              |       |       |       |       |     5 |       |       |       ||     5
  Use: Potion            |       |       |     1 |     6 |     3 |       |       |     3 ||    13
       Scroll            |       |       |       |     4 |     4 |     2 |     6 |     3 ||    19
 Stab: Sleeping          |       |     3 |     1 |     3 |     1 |       |       |     1 ||     9
       Distracted        |       |       |     2 |     1 |     2 |       |     2 |       ||     7
Armor: Robe              |    50 |    39 |    60 |     5 |     8 |       |       |       ||   162
       Skin              |       |       |     1 |       |       |       |       |       ||     1
       Steam dragon scal |       |       |       |   229 |   194 |       |       |       ||   423
       Fire dragon scale |       |       |       |       |   503 |   341 |   182 |    41 ||  1067
       Ice dragon scales |       |       |       |       |       |       |    12 |    46 ||    58
Dodge: Dodged            |    63 |    52 |    91 |   202 |   472 |   306 |   217 |    78 ||  1481
Block: Kite shield       |       |       |       |    39 |   792 |   852 |   191 |       ||  1874
       Reflection        |       |       |       |       |    15 |   118 |   189 |    93 ||   415
       Tower shield      |       |       |       |       |       |       |  1520 |   857 ||  2377
       Rpst.: Scimitar   |       |       |       |       |     6 |     2 |       |       ||     8

Table legend: (Time is in decaauts)
 A = Elapsed time spent in this place.
 B = Non-inter-level travel time spent in this place.
 C = Inter-level travel time spent in this place.
 D = Time resting spent in this place.
 E = Time spent auto-exploring this place.
 F = Levels seen in this place.
 G = Mean time per level.
                   A        B        C        D        E       F      G
               +--------+--------+--------+--------+--------+-----+--------+
         Total |  51730 |  47356 |   4374 |   4874 |  21000 |  52 |  994.8 |
       Dungeon |  15242 |  13580 |   1662 |    956 |   8877 |  15 | 1016.1 |
        Temple |    384 |    375 |      9 |     65 |    297 |   1 |  384.0 |
          Lair |   7674 |   6686 |    988 |    305 |   3124 |   6 | 1279.0 |
        Shoals |   4438 |   4220 |    218 |    808 |   1661 |   4 | 1109.5 |
     Snake Pit |   4534 |   4277 |    257 |    249 |   1612 |   4 | 1133.5 |
    Slime Pits |   1794 |   1639 |    155 |     18 |   1273 |   4 |  448.5 |
  Orcish Mines |   1432 |   1197 |    235 |     18 |    529 |   2 |  716.0 |
   Elven Halls |   4000 |   3818 |    182 |    458 |   1253 |   3 | 1333.3 |
        Vaults |   6116 |   5596 |    520 |   1055 |   1549 |   3 | 2038.7 |
         Crypt |   2517 |   2372 |    145 |    283 |    477 |   3 |  839.0 |
         Abyss |    440 |    440 |      0 |     76 |    109 |   1 |  440.0 |
        Bazaar |     76 |     76 |      0 |      0 |      0 |   1 |   76.0 |
         Trove |     57 |     57 |      0 |      0 |      0 |   1 |   57.0 |
      Ice Cave |    502 |    502 |      0 |     55 |      0 |   1 |  502.0 |
       Volcano |    215 |    215 |      0 |      0 |     62 |   1 |  215.0 |
        Wizlab |   1140 |   1140 |      0 |    344 |      0 |   1 | 1140.0 |
    Desolation |   1160 |   1160 |      0 |    182 |    173 |   1 | 1160.0 |
               +--------+--------+--------+--------+--------+-----+--------+

Top non-repeatable levels by time:
Vaults:1: 2354 daAuts
 Snake:4: 2038 daAuts
     D:6: 2025 daAuts
Vaults:2: 1889 daAuts
Vaults:3: 1872 daAuts
   Elf:2: 1756 daAuts
  Lair:6: 1746 daAuts
    D:11: 1480 daAuts
  Lair:2: 1467 daAuts
   Elf:3: 1386 daAuts
Shoals:4: 1384 daAuts
  Lair:4: 1260 daAuts
    D:13: 1211 daAuts
  Lair:3: 1182 daAuts
Desolation: 1160 daAuts
